 Dungeon Crawl Stone Soup version 0.20.0-8-g6b59dc7 (webtiles) character file.

95 MTVSty1e the Chopper (level 4, -3/29 HPs)
             Began as a Gargoyle Monk on June 2, 2017.
             Slain by a gnoll
             ... wielding a +0 spear
              (8 damage)
             ... on level 3 of the Dungeon.
             The game lasted 00:03:01 (2063 turns).

MTVSty1e the Chopper (Gargoyle Monk)                Turns: 2063, Time: 00:03:02

Health: -3/29      AC:  6    Str: 16    XL:     4   Next: 65%
Magic:  4/4        EV: 12    Int: 10    God:
Gold:   58         SH:  0    Dex: 12    Spells: 3/3 levels left

rFire    . . .     SeeInvis .   a - +0 hand axe
rCold    . . .     Gourm    .   (no shield)
rNeg     + . .     Faith    .   h - +0 leather armour
rPois    ∞         Spirit   .   (no helmet)
rElec    +         Reflect  .   (no cloak)
rCorr    .         Harm     .   (no gloves)
MR       .....                  (no boots)
Stlth    ++........             (no amulet)
Regen    0.1/turn               (no ring)
MPRegen  0.1/turn               (no ring)

@: no status effects
A: negative energy resistance 1, electricity resistance, unbreathing,
petrification resistance, rot immunity, AC +3
a: no special abilities


You were on level 3 of the Dungeon.
You were full.

You visited 1 branch of the dungeon, and saw 3 of its levels.

You collected 58 gold pieces.

Inventory:

Hand Weapons
 a - a +0 hand axe (weapon)
Armour
 b - a +0 robe
 h - a +0 leather armour (worn)
Scrolls
 g - 5 scrolls of identify {unknown}
 i - a scroll of teleportation {unknown}
 k - a scroll of noise {unknown}
 l - a scroll of remove curse {unknown}
 m - a scroll of random uselessness {unknown}
Potions
 d - 2 potions of flight {unknown}
 e - a potion of might {unknown}
 f - a potion of berserk rage {unknown}
 j - 2 potions of heal wounds {unknown}
Comestibles
 c - 2 bread rations


   Skills:
 + Level 4.0 Fighting
 * Level 4.3 Axes
 - Level 2.4 Dodging
 - Level 2.1 Stealth


You had 3 spell levels left.
You didn't know any spells.

Dungeon Overview and Level Annotations

Branches:
Dungeon (3/15)

Altars:

Annotations:
D:3 MTVSty1e's ghost, weakling NaTm


Innate Abilities, Weirdness & Mutations

You are resistant to torment.
Your stone body is resilient. (AC +3)
You are immune to poison.
You resist negative energy. (rN+)
You are resistant to electric shocks. (rElec)
You can survive without breathing.
You are immune to petrification.
You are immune to rotting.


Message History

You slash the gnoll!
The gnoll is heavily wounded.
You closely miss the hobgoblin. You closely miss MTVSty1e's ghost.
The gnoll closely misses you. The hobgoblin hits you.
MTVSty1e's ghost misses you.
You closely miss the gnoll.
The gnoll is heavily wounded.
You barely miss MTVSty1e's ghost. You hit the hobgoblin but do no damage.
The gnoll hits you with a spear. The hobgoblin misses you.
MTVSty1e's ghost barely misses you.
You closely miss the gnoll.
The gnoll is heavily wounded.
You completely miss the hobgoblin. You closely miss MTVSty1e's ghost.
The gnoll hits you but does no damage.
The hobgoblin hits you but does no damage.
MTVSty1e's ghost hits you!
* * * LOW HITPOINT WARNING * * *
The gnoll closely misses you. MTVSty1e's ghost misses you.
The gnoll hits you with a spear!
You die...

<.##...##.> .##
..#...#.. ..#
.#...#. ## #
.##.###.....###!#.#
..................#
.##...w..♣g.......#
w.....K...g.......#
#r.g.@###
#..#.W.#..##
#...#...#...#
#>.##...##.<# ###
#...##### #..##
#.## #.# #.#


You could see a worm, MTVSty1e's ghost, 2 gnolls, a hobgoblin, a kobold and a
rat.

Vanquished Creatures
  3 adders (D:2)
  An ooze (D:1)
  2 worms (D:2)
  3 dart slugs (D:1)
  A leopard gecko (D:1)
  8 bats
  3 giant cockroaches
  8 goblins
  6 hobgoblins
  4 kobolds
  A ball python (D:2)
  2 frilled lizards
  10 rats
52 creatures vanquished.

Notes
Turn   | Place    | Note
-------+----------+-------------------------------------------
     0 | D:1      | MTVSty1e the Gargoyle Monk began the quest for the Orb.
     0 | D:1      | Reached XP level 1. HP: 14/14 MP: 1/1
   175 | D:1      | Reached XP level 2. HP: 19/19 MP: 2/2
   472 | D:1      | Reached XP level 3. HP: 22/23 MP: 3/3
  1054 | D:2      | Reached XP level 4. HP: 15/29 MP: 4/4
  2046 | D:3      | Noticed MTVSty1e's ghost (weakling NaTm)
  2063 | D:3      | Slain by a gnoll

Skill      XL: |  1  2  3  4 |
---------------+-------------+-----
Axes           | 3 4 |  4.3
Fighting       | 4 |  4.0
Dodging        | |  2.4
Stealth        | |  2.1

Action                   |  1- 3 |  4- 6 || total
-------------------------+-------+-------++-------
Melee: Hand axe          |   109 |    56 ||   165
 Stab: Sleeping          |     6 |     1 ||     7
  Eat: Royal jelly       |     1 |       ||     1
       Meat ration       |       |     1 ||     1
       Chunk             |       |     1 ||     1
Armor: Robe              |    23 |       ||    23
       Leather armour    |    41 |    23 ||    64
Dodge: Dodged            |    83 |    43 ||   126
